 Dungeon Crawl Stone Soup version 0.32-a0-39-g5c88369fb2 (webtiles) character file.

Game seed: 10085515097064950402

108 Gargoyl the Trooper (level 4, -9/43 HPs)
             Began as a Gargoyle Berserker on Jan 30, 2024.
             Was a Believer of Trog.
             Killed by divine providence
             ... invoked by an orc priest
              (16 damage)
             ... on level 3 of the Dungeon.
             The game lasted 00:02:42 (2021 turns).

Gargoyl the Trooper (Gargoyle Berserker)            Turns: 2021, Time: 00:02:42

Health: -9/43      AC: 16    Str: 20    XL:     4   Next: 87%
Magic:  4/4        EV:  6    Int:  8    God:    Trog [**....]
Gold:   120        SH:  0    Dex: 11    Spells: 3/3 levels left

rFire   . . .        a - +0 hand axe
rCold   . . .        (no shield)
rNeg    + . .        j - +0 plate armour
rPois   ∞            (no helmet)
rElec   +            (no cloak)
rCorr   .            (no gloves)
SInv    .            f - +0 pair of boots
Will    .....        (no amulet) Stlth
                     (no ring)
HPRegen 0.27/turn    (no ring)
MPRegen 0.09/turn

%: no passive effects
@: berserking, very quick
A: sickness immunity, AC +3, negative energy resistance 1, electricity
resistance, torment resistance 1, petrification resistance
a: Renounce Religion, Berserk, Trog's Hand


You were on level 3 of the Dungeon.
You worshipped Trog.
Trog was pleased with you.
You visited 1 branch of the dungeon, and saw 3 of its levels.

You collected 120 gold pieces.

Inventory:

Hand Weapons
 a - a +0 hand axe (weapon)
Missiles
 h - 2 poisoned darts (quivered)
Armour
 f - a +0 pair of boots (worn)
 j - a +0 plate armour (worn)
Scrolls
 c - a scroll of teleportation
 g - a scroll of acquirement {unknown}
Potions
 b - 2 potions of curing {unknown}
 d - a potion of mutation {unknown}
 e - a potion of lignification {unknown}


   Skills:
 + Level 3.9 Fighting
 + Level 3.8 Axes
 + Level 3.1 Armour
 + Level 2.0 Dodging
 + Level 0.4 Stealth


You had 3 spell levels left.
You didn't know any spells.
Your spell library was empty.

Dungeon Overview and Level Annotations

Branches:
Dungeon (3/15)

Altars:
Makhleb


Innate Abilities, Weirdness & Mutations

You are immune to sickness and miasma.
Your stone body is resilient. (AC +3)
You are immune to poison.
You resist negative energy. (rN+)
You are resistant to electric shocks. (rElec)
You are resistant to unholy torment.
You are immune to petrification.


Message History

Unknown command.
Things that are here:
a +0 club; a goblin corpse
Things that are here:
a +0 club; a +0 dagger; a goblin corpse You see here a +0 club.
You see here a staff of cold.
Found 6 stones.
You see here 6 stones.
An orc comes into view. It is wielding a +0 short sword.
The orc moves out of view.
An orc is nearby!
An orc and an orc priest come into view.
The orc priest shouts!
The orc hits you but does no damage.
You barely miss the orc. The orc hits you but does no damage.
The orc priest mumbles some strange prayers to Beogh against you.
Beogh smites you!
You closely miss the orc. The orc hits you but does no damage.
You hit the orc but do no damage.
The orc priest invokes the aid of Beogh against you.
Beogh smites you!
You hit the orc.
The orc is heavily wounded.
You hit the orc but do no damage. The orc hits you but does no damage.
The orc barely misses you.
Unknown command.
A red film seems to cover your vision as you go berserk!
You feel yourself moving faster!
You feel mighty! The orc hits you but does no damage.
The orc priest hits you but does no damage.
The orc hits you with a +0 flail!
* * * LOW HITPOINT WARNING * * *
You slash the orc priest!
The orc priest is severely wounded.
You barely miss the orc. You closely miss the orc.
The orc hits you but does no damage.
The orc priest mumbles some strange prayers to Beogh against you.
Beogh smites you!
You die...

######### ######
#.......####....#
#####.#...........(.#
......o@##......##..##
#####.oo###....###...#
....... ##..###..#.#
...##..... #####...#.#
.. ....... #....#.# .
####....# #....#.###
#...######........
#..###..###..#....
#.###....###......


You could see an orc priest and 2 orcs.

Vanquished Creatures
  A sleepcap (D:3)
  3 adders
  A ribbon worm (D:3)
  An endoplasm (D:1)
  A giant cockroach (D:1)
  9 goblins
  5 hobgoblins
  8 jackals (D:3)
  6 ball pythons
  4 bats (D:1)
  A frilled lizard (D:2)
  5 kobolds
  5 rats
50 creatures vanquished.

Notes
Turn   | Place    | Note
-------+----------+-------------------------------------------
     0 | D:1      | Gargoyl the Gargoyle Berserker began the quest for the Orb.
     0 | D:1      | Reached XP level 1. HP: 14/14 MP: 1/1
   332 | D:1      | Reached XP level 2. HP: 19/19 MP: 2/2
   902 | D:2      | Reached XP level 3. HP: 23/24 MP: 3/3
  1385 | D:3      | Found a burning altar of Makhleb.
  1437 | D:3      | Reached XP level 4. HP: 19/29 MP: 4/4
  1587 | D:3      | Reached ** piety under Trog
  2021 | D:3      | Killed from afar by an orc priest

Illustrated notes

Levels and vault maps discovered:
D:1:      scummos_arrival_checkerplants, layout_loops_ring
D:2:      layout_loops_ring, corexii_hall_statues_t
D:3:      kennysheep_the_goblin_king, layout_loops_ring, lightli_temple_of_fire,
          minmay_stone_trees_small, minivault_19, grunt_ministairs_3,
          nicolae_titane

Skill      XL: |  1  2  3  4 |
---------------+-------------+-----
Axes           | 3 |  3.8
Dodging        | 2 |  2.0
Armour         | 3 |  3.1
Fighting       | |  3.9
Stealth        | |  0.4

Action                     |  1- 3 |  4- 6 || total
---------------------------+-------+-------++-------
  Melee: Hand axe          |    95 |    73 ||   168
         Punch             |       |     1 ||     1
 Invoke: Berserk           |       |     1 ||     1
    Use: Scroll            |     5 |       ||     5
 Armour: Animal skin       |    25 |       ||    25
         Ring mail         |    29 |       ||    29
         Plate armour      |    13 |    98 ||   111
  Dodge: Dodged            |    49 |    41 ||    90

Table legend: (Time is in decaauts)
 A = Elapsed time spent in this place.
 B = Non-inter-level travel time spent in this place.
 C = Inter-level travel time spent in this place.
 D = Time resting spent in this place.
 E = Time spent auto-exploring this place.
 F = Levels seen in this place.
 G = Mean time per level.
                   A        B        C        D        E       F      G
               +--------+--------+--------+--------+--------+-----+--------+
         Total |   2043 |   2007 |     36 |      0 |   1479 |   3 |  681.0 |
       Dungeon |   2043 |   2007 |     36 |      0 |   1479 |   3 |  681.0 |
               +--------+--------+--------+--------+--------+-----+--------+

Top non-repeatable levels by time:
     D:1: 740 daAuts
     D:3: 694 daAuts
     D:2: 608 daAuts
